| TOP OF THE 1ST |
|
Round Rock Express batting - Pitching for Columbus Clippers : RHP Matt Zambon
|
|
Pitching: RHP Matt Zambon
|
|
|
Batting: LHB Josh Stuck
|
0-0: Ball 1-0: Called Strike 1-1: Ball 2-1: Fly out, F5 (Line Drive, 5L, EV 61.9 MPH)
|
|
Batting: LHB Manuel Arguello
|
0-0: Ball 1-0: Swinging Strike 1-1: Ground out 4-3 (Groundball, 4, EV 100.6 MPH)
|
|
Batting: LHB Cooper Broomhall
|
0-0: Ground out 4-3 (Groundball, 4, EV 90.0 MPH)
|
| Top of the 1st over - 0 runs, 0 hits, 0 errors, 0 left on base; Round Rock 0 - Columbus 0 |
| BOTTOM OF THE 1ST |
|
Columbus Clippers batting - Pitching for Round Rock Express : LHP Alfonso Guillen
|
|
Pitching: LHP Alfonso Guillen
|
|
|
Batting: LHB John Harring
|
0-0: Ball 1-0: Called Strike 1-1: Fly out, F8 (Flyball, 8LM, EV 87.5 MPH)
|
|
Batting: LHB Corey Trevor
|
0-0: Ball 1-0: Called Strike 1-1: Ball 2-1: Ball 3-1: Base on Balls
|
|
Batting: RHB Christian Blue
|
0-0: Ball 1-0: Swinging Strike 1-1: Ball 2-1: Called Strike 2-2: Ball 3-2: Ground out 5-3 (Groundball, 56, EV 90.6 MPH) Corey Trevor to second
|
|
Batting: LHB Brent Albertson
|
0-0: Called Strike 0-1: Ball 1-1: Ground out 1-3 (Groundball, 15S, EV 73.1 MPH)
|
| Bottom of the 1st over - 0 runs, 0 hits, 0 errors, 1 left on base; Round Rock 0 - Columbus 0 |
| TOP OF THE 2ND |
|
Round Rock Express batting - Pitching for Columbus Clippers : RHP Matt Zambon
|
|
Batting: LHB Rich Butler
|
0-0: Ball 1-0: Ball 2-0: Ground out 4-3 (Groundball, 34, EV 105.6 MPH)
|
|
Batting: SHB Greg Prime
|
0-0: Ball 1-0: Foul Ball, location: 2F 1-1: Ground out 4-3 (Groundball, 4, EV 86.9 MPH)
|
|
Batting: RHB Rodolfo Contreras
|
0-0: Ball 1-0: Ground out 1-3 (Groundball, 25, EV 66.2 MPH)
|
| Top of the 2nd over - 0 runs, 0 hits, 0 errors, 0 left on base; Round Rock 0 - Columbus 0 |
| BOTTOM OF THE 2ND |
|
Columbus Clippers batting - Pitching for Round Rock Express : LHP Alfonso Guillen
|
|
Batting: RHB John Shaffer
|
0-0: Ball 1-0: Ball 2-0: Ball 3-0: Called Strike 3-1: Foul Ball, location: 2F 3-2: Foul Ball, location: 2F 3-2: Foul Ball, location: 2F 3-2: Base on Balls
|
|
Batting: RHB Chris Folse
|
0-0: Called Strike 0-1: Swinging Strike 0-2: Strikes out swinging
|
|
Batting: RHB Armando Galindo
|
0-0: Called Strike 0-1: Ball 1-1: Ball 2-1: Grounds into double play, 6-4-3 (Groundball, 6, EV 107.5 MPH)
|
| Bottom of the 2nd over - 0 runs, 0 hits, 0 errors, 0 left on base; Round Rock 0 - Columbus 0 |
| TOP OF THE 3RD |
|
Round Rock Express batting - Pitching for Columbus Clippers : RHP Matt Zambon
|
|
Batting: RHB Bobby Keithley
|
0-0: Ball 1-0: Foul Ball, location: 2F 1-1: Called Strike 1-2: Ground out 6-3 (Groundball, 6, EV 86.9 MPH)
|
|
Batting: RHB Ivan Colon
|
0-0: Ball 1-0: Called Strike 1-1: Ball 2-1: Fly out, F9 (Flyball, 9, EV 83.8 MPH)
|
|
Batting: RHB Carlos Lopez
|
0-0: Reached on error, E5 (Groundball, 5S, EV 85.0 MPH)
|
|
Batting: LHB Josh Stuck
|
0-0: Foul Ball, location: 2F 0-1: Fielders Choice at 2nd, 5-4 (Groundball, 5, EV 110.6 MPH)
|
| Top of the 3rd over - 0 runs, 0 hits, 1 error, 1 left on base; Round Rock 0 - Columbus 0 |
| BOTTOM OF THE 3RD |
|
Columbus Clippers batting - Pitching for Round Rock Express : LHP Alfonso Guillen
|
|
Batting: RHB Chris Diaz
|
0-0: Ball 1-0: Foul Ball, location: 2F 1-1: SINGLE (Groundball, 56S, EV 72.5 MPH) (infield hit)
|
|
Batting: RHB Tai Joo
|
0-0: Called Strike 0-1: Called Strike 0-2: Foul Ball, location: 2F 0-2: Strikes out looking
|
|
Batting: LHB John Harring
|
0-0: Ball 1-0: Called Strike 1-1: Foul Ball, location: 2F 1-2: Ball 2-2: Ball 3-2: Fly out, F8 (Flyball, 8RD, EV 99.4 MPH)
|
|
Batting: LHB Corey Trevor
|
0-0: SINGLE (Line Drive, 6D, EV 96.2 MPH) Chris Diaz to second
|
|
Batting: RHB Christian Blue
|
0-0: Called Strike 0-1: Foul Ball, location: 2F 0-2: Ball 1-2: Ball 2-2: Ball 3-2: Foul Ball, location: 2F 3-2: Base on Balls Chris Diaz to third Corey Trevor to second
|
|
Batting: LHB Brent Albertson
|
0-0: DOUBLE (Groundball, 5L, EV 107.5 MPH) Chris Diaz scores Corey Trevor scores Christian Blue to third Runner from 3rd tries for Home, SAFE, throw by LF to home
|
|
Batting: RHB John Shaffer
|
0-0: Swinging Strike 0-1: Ground out 5-3 (Groundball, 5, EV 79.4 MPH)
|
| Bottom of the 3rd over - 3 runs, 3 hits, 0 errors, 1 left on base; Round Rock 0 - Columbus 3 |
| TOP OF THE 4TH |
|
Round Rock Express batting - Pitching for Columbus Clippers : RHP Matt Zambon
|
|
Batting: LHB Manuel Arguello
|
0-0: Ball 1-0: Foul Ball, location: 2F 1-1: Called Strike 1-2: DOUBLE (Line Drive, 9LM, EV 107.5 MPH)
|
|
Batting: LHB Cooper Broomhall
|
0-0: Ball 1-0: Foul Ball, location: 2F 1-1: Ball 2-1: Called Strike 2-2: Ball 3-2: Fly out, F9 (Flyball, 89S, EV 88.8 MPH)
|
|
Batting: LHB Rich Butler
|
0-0: Ball 1-0: Ball Manuel Arguello steals 3rd, throwing error, E2 Manuel Arguello scores 2-0: Foul Ball, location: 2F 2-1: SOLO HOME RUN (Flyball, 7D, EV 100.6 MPH), Distance : 388 ft
|
|
Batting: SHB Greg Prime
|
0-0: Ball 1-0: Foul Ball, location: 2F 1-1: Swinging Strike 1-2: Ball 2-2: Ball 3-2: Fly out, F9 (Flyball, 9, EV 91.9 MPH)
|
|
Batting: RHB Rodolfo Contreras
|
0-0: Ball 1-0: Foul Ball, location: 2F 1-1: Foul Ball, location: 2F 1-2: Fly out, F9 (Flyball, 9D, EV 98.8 MPH)
|
| Top of the 4th over - 2 runs, 2 hits, 1 error, 0 left on base; Round Rock 2 - Columbus 3 |
| BOTTOM OF THE 4TH |
|
Columbus Clippers batting - Pitching for Round Rock Express : LHP Alfonso Guillen
|
|
Batting: RHB Chris Folse
|
0-0: Called Strike 0-1: Ball 1-1: Ball 2-1: Foul Ball, location: 2F 2-2: Strikes out swinging
|
|
Batting: RHB Armando Galindo
|
0-0: Ball 1-0: Ground out 4-3 (Groundball, 4, EV 88.8 MPH)
|
|
Batting: RHB Chris Diaz
|
0-0: Ground out 6-3 (Groundball, 6, EV 99.4 MPH)
|
| Bottom of the 4th over - 0 runs, 0 hits, 0 errors, 0 left on base; Round Rock 2 - Columbus 3 |
| TOP OF THE 5TH |
|
Round Rock Express batting - Pitching for Columbus Clippers : RHP Matt Zambon
|
|
Batting: RHB Bobby Keithley
|
0-0: Ball 1-0: Ball 2-0: Ball 3-0: Base on Balls
|
|
Batting: RHB Ivan Colon
|
0-0: Called Strike 0-1: Called Strike 0-2: Ball 1-2: Ball 2-2: Ball 3-2: Foul Ball, location: 2F Pickoff Throw to First - Out! 1-3 CS 3-2: Foul Ball, location: 2F 3-2: Strikes out swinging
|
|
Batting: RHB Carlos Lopez
|
0-0: Ball 1-0: Ball 2-0: Foul Ball, location: 2F 2-1: Foul Ball, location: 2F 2-2: Strikes out looking
|
| Top of the 5th over - 0 runs, 0 hits, 0 errors, 0 left on base; Round Rock 2 - Columbus 3 |
| BOTTOM OF THE 5TH |
|
Columbus Clippers batting - Pitching for Round Rock Express : LHP Alfonso Guillen
|
|
Batting: RHB Tai Joo
|
0-0: Ball 1-0: Called Strike 1-1: Called Strike 1-2: Ball 2-2: Foul Ball, location: 2F 2-2: Ball 3-2: Strikes out swinging
|
|
Batting: LHB John Harring
|
0-0: Ball 1-0: Foul Ball, location: 2F 1-1: Ball 2-1: Ground out U3 (Groundball, 3, EV 110.0 MPH)
|
|
Batting: LHB Corey Trevor
|
0-0: Called Strike 0-1: Ball 1-1: Ball 2-1: Foul Ball, location: 2F 2-2: Ball 3-2: Foul Ball, location: 2F 3-2: Foul Ball, location: 2F 3-2: Fly out, F7 (Flyball, 78M, EV 89.4 MPH)
|
| Bottom of the 5th over - 0 runs, 0 hits, 0 errors, 0 left on base; Round Rock 2 - Columbus 3 |
| TOP OF THE 6TH |
|
Round Rock Express batting - Pitching for Columbus Clippers : RHP Matt Zambon
|
|
Batting: LHB Josh Stuck
|
0-0: Ball 1-0: Ball 2-0: Ball 3-0: Base on Balls
|
|
Batting: LHB Manuel Arguello
|
0-0: Called Strike 0-1: Foul Ball, location: 2F 0-2: Ball 1-2: Ball 2-2: SINGLE (Groundball, 4, EV 98.1 MPH) Josh Stuck to second Runner from 2nd tries for 3rd, SAFE, throw by CF made to third
|
|
Batting: LHB Cooper Broomhall
|
0-0: Ball 1-0: Foul Ball, location: 2F 1-1: SINGLE (Groundball, 34D, EV 95.0 MPH) Josh Stuck scores Manuel Arguello to second Runner from 2nd tries for 3rd, SAFE, throw by RF made to third
|
|
Batting: LHB Rich Butler
|
0-0: Called Strike 0-1: Ball 1-1: Called Strike 1-2: Ball 2-2: Ball 3-2: Foul Ball, location: 2F 3-2: Base on Balls Cooper Broomhall to second
|
|
Batting: SHB Greg Prime
|
0-0: Ball 1-0: Foul Ball, location: 2F 1-1: Called Strike 1-2: Fly out, F7 (Flyball, 78S, EV 88.8 MPH)
|
|
Batting: RHB Rodolfo Contreras
|
0-0: Ball 1-0: Called Strike 1-1: Ball 2-1: Swinging Strike 2-2: Fly out, F5 (Popup, 5SF, EV 81.9 MPH)
|
|
Batting: RHB Bobby Keithley
|
0-0: Ball 1-0: Foul Ball, location: 2F 1-1: Ball 2-1: SINGLE (Groundball, 13S, EV 70.0 MPH) (infield hit) Manuel Arguello scores Cooper Broomhall to third Rich Butler to second
|
|
Pitching: RHP Tatsuhito Shiota
|
|
|
Batting: RHB Ivan Colon
|
0-0: Called Strike 0-1: Called Strike 0-2: Ball 1-2: Ball 2-2: Strikes out looking
|
| Top of the 6th over - 2 runs, 3 hits, 0 errors, 3 left on base; Round Rock 4 - Columbus 3 |
| BOTTOM OF THE 6TH |
|
Columbus Clippers batting - Pitching for Round Rock Express : LHP Alfonso Guillen
|
|
Batting: RHB Christian Blue
|
0-0: Fly out, F8 (Flyball, 8LD, EV 76.2 MPH)
|
|
Batting: LHB Brent Albertson
|
0-0: Fly out, F9 (Flyball, 89S, EV 93.1 MPH)
|
|
Batting: RHB John Shaffer
|
0-0: Ball 1-0: Called Strike 1-1: Foul Ball, location: 2F 1-2: Fly out, F8 (Line Drive, 8LM, EV 110.6 MPH)
|
| Bottom of the 6th over - 0 runs, 0 hits, 0 errors, 0 left on base; Round Rock 4 - Columbus 3 |
| TOP OF THE 7TH |
|
Round Rock Express batting - Pitching for Columbus Clippers : RHP Tatsuhito Shiota
|
|
Batting: RHB Carlos Lopez
|
0-0: Foul Ball, location: 2F 0-1: Swinging Strike 0-2: Strikes out swinging
|
|
Batting: LHB Josh Stuck
|
0-0: Ball 1-0: Ball 2-0: Called Strike 2-1: SINGLE (Groundball, 4M, EV 103.8 MPH) (infield hit)
|
|
Batting: LHB Manuel Arguello
|
0-0: Called Strike Pickoff Throw to First - Out! 1-3 0-1: Foul Ball, location: 2F 0-2: SINGLE (Flyball, 56D, EV 83.8 MPH)
|
|
Batting: LHB Cooper Broomhall
|
0-0: Ball 1-0: Called Strike 1-1: Ball 2-1: Foul Ball, location: 2F 2-2: Foul Ball, location: 2F 2-2: Ball 3-2: Ground out 5-3 (Groundball, 5, EV 89.4 MPH)
|
| Top of the 7th over - 0 runs, 2 hits, 0 errors, 1 left on base; Round Rock 4 - Columbus 3 |
| BOTTOM OF THE 7TH |
|
Columbus Clippers batting - Pitching for Round Rock Express : LHP Alfonso Guillen
|
|
Batting: RHB Chris Folse
|
0-0: Foul Ball, location: 2F 0-1: Ball 1-1: Ball 2-1: Called Strike 2-2: Ball 3-2: Base on Balls
|
|
Batting: RHB Armando Galindo
|
0-0: Ball 1-0: Swinging Strike 1-1: Ball 2-1: Swinging Strike 2-2: Ball 3-2: Base on Balls Chris Folse to second
|
|
Pitching: RHP Kurt Vitta
|
|
|
Batting: RHB Chris Diaz
|
0-0: Bunt missed! 0-1: Ball 1-1: Ball 2-1: Ball 3-1: Bunt missed! 3-2: Strikes out looking
|
|
Batting: RHB Tai Joo
|
0-0: Called Strike 0-1: Called Strike 0-2: Ball 1-2: Ball 2-2: Strikes out swinging
|
|
Batting: LHB John Harring
|
0-0: Fielders Choice at 2nd, 5-4 (Groundball, 56, EV 106.9 MPH)
|
| Bottom of the 7th over - 0 runs, 0 hits, 0 errors, 2 left on base; Round Rock 4 - Columbus 3 |
| TOP OF THE 8TH |
|
Round Rock Express batting - Pitching for Columbus Clippers : RHP Tatsuhito Shiota
|
|
Pitching: RHP Josh Hughes
|
|
|
Batting: LHB Rich Butler
|
0-0: Ball 1-0: Swinging Strike 1-1: Ball 2-1: Called Strike 2-2: Strikes out swinging
|
|
Batting: SHB Greg Prime
|
0-0: Ball 1-0: Ball 2-0: Foul Ball, location: 2F 2-1: Called Strike 2-2: Strikes out looking
|
|
Batting: RHB Rodolfo Contreras
|
0-0: Ball 1-0: Ground out 5-3 (Groundball, 5L, EV 89.4 MPH)
|
| Top of the 8th over - 0 runs, 0 hits, 0 errors, 0 left on base; Round Rock 4 - Columbus 3 |
| BOTTOM OF THE 8TH |
|
Columbus Clippers batting - Pitching for Round Rock Express : RHP Kurt Vitta
|
|
Batting: LHB Corey Trevor
|
0-0: Ball 1-0: Ground out 6-3 (Groundball, 6S, EV 92.5 MPH)
|
|
Batting: RHB Christian Blue
|
0-0: Called Strike 0-1: Swinging Strike 0-2: Foul Ball, location: 2F 0-2: Ball 1-2: Strikes out looking
|
|
Batting: LHB Brent Albertson
|
0-0: Foul Ball, location: 2F 0-1: Ground out 4-3 (Groundball, 34S, EV 83.1 MPH)
|
| Bottom of the 8th over - 0 runs, 0 hits, 0 errors, 0 left on base; Round Rock 4 - Columbus 3 |
| TOP OF THE 9TH |
|
Round Rock Express batting - Pitching for Columbus Clippers : RHP Josh Hughes
|
|
Pitching: RHP Jeff Degel
|
|
|
Batting: RHB Bobby Keithley
|
0-0: Called Strike 0-1: Ball 1-1: Ball 2-1: Ball 3-1: Called Strike 3-2: SINGLE (Groundball, 6D, EV 96.9 MPH)
|
|
Batting: RHB Ivan Colon
|
0-0: Bunted foul 0-1: Sac Bunt to 5S - play at first, batter OUT! 5-3 Bobby Keithley to second
|
|
Batting: RHB Carlos Lopez
|
0-0: Ball 1-0: Ball 2-0: Ball 3-0: Called Strike 3-1: Called Strike 3-2: Fly out, F9 (Line Drive, 9, EV 90.0 MPH)
|
|
Batting: LHB Josh Stuck
|
0-0: Called Strike 0-1: Foul Ball, location: 2F 0-2: Foul Ball, location: 2F 0-2: Strikes out swinging
|
| Top of the 9th over - 0 runs, 1 hit, 0 errors, 1 left on base; Round Rock 4 - Columbus 3 |
| BOTTOM OF THE 9TH |
|
Columbus Clippers batting - Pitching for Round Rock Express : RHP Kurt Vitta
|
|
Pitching: RHP Jeff Bliss
|
|
|
Batting: RHB John Shaffer
|
0-0: Called Strike 0-1: Foul Ball, location: 2F 0-2: Ball 1-2: Ball 2-2: Strikes out swinging
|
|
Batting: RHB Chris Folse
|
0-0: Ball 1-0: Called Strike 1-1: Foul Ball, location: 2F 1-2: Strikes out swinging
|
|
Batting: RHB Armando Galindo
|
0-0: Ground out 6-3 (Groundball, 56S, EV 87.5 MPH)
|
| Bottom of the 9th over - 0 runs, 0 hits, 0 errors, 0 left on base; Round Rock 4 - Columbus 3 |
|